[Event "Titled Tuesday Blitz April 19 Early 2022"]
[White "Jegorovas, Aleksandras"]
[Black "Vignesh, N R"]
[WhiteFideId "12801950"]
[BlackFideId "25012215"]
[WhiteElo "2247"]
[BlackElo "2363"]
[Result "1/2-1/2"]
[Round "05"]
[TimeControl "180+1"]
[Date "2022.04.19"]
[WhiteClock "0:00:39"]
[BlackClock "0:00:25"]

1. Nf3 f5 2. d4 Nf6 3. g3 g6 4. Bg2 Bg7 5. O-O O-O 6. b4 e6 7. c4 d6 8. Bb2 Qe8 9. Qc2 Ne4 10. Nc3 Nxc3 11. Bxc3 e5 12. dxe5 dxe5 13. Qb2 Nd7 14. c5 Bf6 15. Nd2 e4 16. Nc4 Qe6 17. Rac1 Bxc3 18. Qxc3 Nf6 19. Rfd1 Bd7 20. Qe5 Qxe5 21. Nxe5 Bb5 22. Bf1 Rfe8 23. Nc4 Rad8 24. e3 Kf8 25. h3 Ba4 26. Rxd8 Rxd8 27. Nb2 Be8 28. Rd1 Rxd1 29. Nxd1 b6 30. cxb6 cxb6 31. Nc3 Ke7 32. Bc4 Kd6 33. Kf1 Nd7 34. Nb5+ Ke7 35. Nxa7 Ne5 36. Be2 Bd7 37. Nb5 Bxb5 38. Bxb5 Kd6 39. Ke2 g5 40. Kd2 Nf3+ 41. Kd1 Ne5 42. Be2 Ng6 43. Kd2 f4 44. gxf4 gxf4 45. exf4 Nxf4 46. Bf1 Nd5 47. a3 Ke5 48. Bc4 Nf4 49. Bf1 Nd5 50. Kc2 e3 51. Kd3 exf2 52. Ke2 Kd4 53. Kxf2 Kc3 54. Bg2 Nf4 55. Be4 Nxh3+ 56. Ke3 Ng5 57. Bd5 h5 58. Kf4 Kd4 59. Kxg5 Kxd5 60. a4 Kc4 61. a5 bxa5 62. bxa5 Kb5 63. Kxh5 Kxa5 1/2-1/2


[Site "https://www.chess.com"]

[Event "Titled Tuesday Blitz April 19 Early 2022"]
[White "Jobava, Baadur"]
[Black "Jakubowski, Krzysztof"]
[WhiteFideId "13601520"]
[BlackFideId "1112848"]
[WhiteElo "2617"]
[BlackElo "2365"]
[Result "1-0"]
[Round "05"]
[TimeControl "180+1"]
[Date "2022.04.19"]
[WhiteClock "0:01:46"]
[BlackClock "0:00:04"]

1. b3 d5 2. Bb2 Bf5 3. d3 e6 4. Nd2 h6 5. e4 Bh7 6. g3 Nf6 7. Bg2 Be7 8. Ne2 a5 9. a4 O-O 10. O-O c6 11. e5 Nfd7 12. Nf4 Na6 13. h4 Kh8 14. Re1 b5 15. Nf3 bxa4 16. bxa4 Rb8 17. Bc3 Bb4 18. Bxb4 axb4 19. g4 b3 20. cxb3 Ndc5 21. g5 Nxb3 22. Rb1 Nbc5 23. Rxb8 Qxb8 24. Nh5 Qb3 25. Qc1 Nxd3 26. Qe3 Rg8 27. gxh6 gxh6 28. Qxh6 Rg6 29. Qf8+ Bg8 30. Ng5 Qb7 31. Re3 Nac5 32. Nf6 Rg7 33. Rg3 1-0


[Site "https://www.chess.com"]

[Event "Titled Tuesday Blitz April 19 Early 2022"]
[White "Johnson, Ben"]
[Black "Barbashin, Igor"]
[WhiteFideId "2010917"]
[BlackFideId "4155718"]
[WhiteElo "2119"]
[BlackElo "2138"]
[Result "0-1"]
[Round "05"]
[TimeControl "180+1"]
[Date "2022.04.19"]
[WhiteClock "0:00:01"]
[BlackClock "0:00:08"]

1. Nf3 Nf6 2. c4 c5 3. Nc3 g6 4. d4 cxd4 5. Nxd4 Bg7 6. e4 d6 7. Be2 O-O 8. O-O Nc6 9. Be3 Bd7 10. h3 a6 11. Qd2 Rc8 12. Rac1 Re8 13. b3 Nxd4 14. Bxd4 Bc6 15. Bf3 e6 16. Rfe1 Qe7 17. Bb6 Nd7 18. Be3 Red8 19. Bg5 Bf6 20. h4 Ne5 21. Bd1 b5 22. f4 Nd7 23. Nd5 Bxd5 24. exd5 Bxg5 25. hxg5 bxc4 26. Rxc4 e5 27. Rxc8 Rxc8 28. Bg4 Re8 29. Bxd7 Qxd7 30. fxe5 dxe5 31. Re4 Qd6 32. Qe3 Qxd5 33. Kh2 Kg7 34. Rh4 Qd6 35. Qh3 Re6 36. Rxh7+ Kf8 37. Rh8+ Ke7 38. Qh6 e4+ 0-1


[Site "https://www.chess.com"]

[Event "Titled Tuesday Blitz April 19 Early 2022"]
[White "Kaasen, Tor Fredrik"]
[Black "Tasev, Dejan"]
[WhiteFideId "1516647"]
[BlackFideId "936618"]
[WhiteElo "2335"]
[BlackElo "2253"]
[Result "0-1"]
[Round "05"]
[TimeControl "180+1"]
[Date "2022.04.19"]
[WhiteClock "0:00:02"]
[BlackClock "0:00:41"]

1. e4 e5 2. Nf3 Nc6 3. Bc4 Nf6 4. d3 Bc5 5. O-O d6 6. c3 Bb6 7. Re1 h6 8. a4 a5 9. Nbd2 Be6 10. Bxe6 fxe6 11. Qb3 Qc8 12. Nc4 Ba7 13. Be3 Bxe3 14. Rxe3 O-O 15. Rd1 b6 16. d4 exd4 17. cxd4 Ng4 18. Rc3 Qe8 19. Qb5 Nb4 20. Qxe8 Raxe8 21. Na3 Re7 22. Nb5 Rff7 23. e5 dxe5 24. dxe5 Rd7 25. Rf1 Nd5 26. Rc4 Rxf3 27. gxf3 Nxe5 28. Re4 Nxf3+ 29. Kh1 Nd2 30. Rfe1 Nxe4 31. Rxe4 Kf7 32. Kg2 Nf6 33. Re2 c5 34. Nc3 Rd3 35. f3 Nd5 36. Re1 Rd2+ 37. Kg3 Rxb2 38. Ne4 Ke7 39. h4 Rb4 40. h5 Rxa4 41. Kh4 Nf6 42. Re2 Nxe4 43. fxe4 Rb4 44. Kg4 a4 45. Kf4 a3 46. Rg2 Kf7 47. Ke5 Rb2 48. Rg1 a2 49. Rf1+ Ke7 50. Ra1 c4 51. Rf1 Rb1 0-1


[Site "https://www.chess.com"]

[Event "Titled Tuesday Blitz April 19 Early 2022"]
[White "Kamsky, Gata"]
[Black "Aradhya, Garg"]
[WhiteFideId "2000024"]
[BlackFideId "25006746"]
[WhiteElo "2645"]
[BlackElo "2169"]
[Result "0-1"]
[Round "05"]
[TimeControl "180+1"]
[Date "2022.04.19"]
[WhiteClock "0:00:07"]
[BlackClock "0:00:17"]

1. e4 e5 2. Nf3 Nc6 3. Bb5 a6 4. Ba4 Bc5 5. O-O d6 6. c3 Bd7 7. d4 Ba7 8. h3 Nge7 9. Be3 O-O 10. d5 Nb8 11. Bxa7 Rxa7 12. c4 f5 13. Bxd7 Nxd7 14. Nc3 Nc5 15. b4 fxe4 16. Ng5 Nf5 17. Qh5 h6 18. bxc5 Qxg5 19. Qxg5 hxg5 20. Nxe4 dxc5 21. Nxc5 Nd4 22. Ne4 b5 23. c5 Rd8 24. d6 cxd6 25. cxd6 Rad7 26. Kh2 Nf5 27. Rfe1 Nxd6 28. Nxd6 Rxd6 29. Rxe5 Rd5 30. Rxd5 Rxd5 31. Kg3 Kf7 32. f3 Rd2 33. a3 Rd3 34. Kg4 Kg6 35. h4 Rd4+ 36. Kh3 Rxh4+ 37. Kg3 Ra4 38. Rc1 Rxa3 39. Rc6+ Kf5 40. Rc5+ Kf6 41. Rc6+ Kf7 42. Rb6 Ra4 43. Kh3 g6 44. Kg3 Kg7 45. Kh3 Kh6 46. Kg3 b4 47. Rb7 a5 48. Kf2 Ra2+ 49. Kg3 Ra3 50. Rb5 b3 0-1


[Site "https://www.chess.com"]

[Event "Titled Tuesday Blitz April 19 Early 2022"]
[White "Karavade, Eesha"]
[Black "Yang, Kaiqi"]
[WhiteFideId "5012600"]
[BlackFideId "8604398"]
[WhiteElo "2258"]
[BlackElo "2373"]
[Result "1-0"]
[Round "05"]
[TimeControl "180+1"]
[Date "2022.04.19"]
[WhiteClock "0:00:43"]
[BlackClock "0:00:03"]

1. d4 g6 2. c4 Bg7 3. Nf3 f5 4. Nc3 Nf6 5. g3 d6 6. Bg2 O-O 7. O-O c6 8. Qc2 a5 9. e4 fxe4 10. Nxe4 Bf5 11. Nxf6+ Bxf6 12. Qe2 Na6 13. Bh6 Rf7 14. Ng5 Bxg5 15. Bxg5 Qd7 16. d5 Re8 17. Rfe1 e5 18. dxe6 Rxe6 19. Qd2 Nc5 20. Rxe6 Nxe6 21. Bh6 Re7 22. Rd1 a4 23. Qxd6 Qxd6 24. Rxd6 Nd4 25. h3 Re1+ 26. Kh2 Ne6 27. g4 Bc2 28. Rd7 Nc5 29. Rd8+ Kf7 30. Rf8+ Ke7 31. Rh8 Re2 32. Kg3 Ne4+ 33. Bxe4 Bxe4 34. Rxh7+ Kd6 35. Rxb7 Kc5 36. Rb8 Kxc4 37. Bg7 a3 38. bxa3 Rxa2 39. Rb4+ Kd5 40. Rd4+ Kc5 41. Rxe4 Rxa3+ 42. f3 Kd5 43. Rd4+ Ke6 44. Rc4 Kd5 45. Rc3 Ra4 46. h4 Ra7 47. Bf6 Rf7 48. g5 Ra7 49. Kg4 Ra4+ 50. f4 Ra2 51. Rd3+ Ke6 52. Re3+ Kd5 53. Rg3 c5 54. h5 gxh5+ 55. Kxh5 Rh2+ 56. Kg4 c4 57. g6 1-0


[Site "https://www.chess.com"]

[Event "Titled Tuesday Blitz April 19 Early 2022"]
[White "Karavaeva, Olga"]
[Black "Wagner, Dinara"]
[WhiteFideId "4124111"]
[BlackFideId "24157570"]
[WhiteElo "2105"]
[BlackElo "2216"]
[Result "0-1"]
[Round "05"]
[TimeControl "180+1"]
[Date "2022.04.19"]
[WhiteClock "0:01:34"]
[BlackClock "0:01:37"]

1. c4 Nf6 2. Nc3 c5 3. g3 d5 4. cxd5 Nxd5 5. Bg2 Nc7 6. Nf3 Nc6 7. O-O e5 8. d3 Be7 9. h3 f6 10. Be3 Be6 11. Kh2 Rc8 12. a3 O-O 13. Rc1 Qd7 14. Ne4 b6 15. Nfd2 Nd5 16. Nc4 Nxe3 17. Nxe3 Nd4 18. Nc4 Rcd8 19. a4 Kh8 20. b3 Bd5 21. Qd2 Nxb3 22. Qc3 Nxc1 23. Rxc1 Qe6 24. Ne3 Ba8 25. a5 f5 26. Nd2 Bxg2 27. Nxg2 Bg5 28. axb6 axb6 29. f4 exf4 30. gxf4 Bf6 31. Qb3 Qxe2 32. Nc4 Rxd3 33. Qxb6 Bh4 34. Ne5 Bg3+ 35. Kh1 Rd1+ 0-1


[Site "https://www.chess.com"]

[Event "Titled Tuesday Blitz April 19 Early 2022"]
[White "Karolczuk, Iwo"]
[Black "Gorshtein, Ido"]
[WhiteFideId "21816972"]
[BlackFideId "2815532"]
[WhiteElo "2277"]
[BlackElo "2415"]
[Result "1/2-1/2"]
[Round "05"]
[TimeControl "180+1"]
[Date "2022.04.19"]
[WhiteClock "0:00:31"]
[BlackClock "0:01:16"]

1. e4 c5 2. Nf3 h6 3. d4 cxd4 4. Nxd4 Nf6 5. Nc3 e5 6. Ndb5 d6 7. a4 a6 8. Na3 Be7 9. Bc4 O-O 10. O-O Nbd7 11. Re1 b6 12. Nd5 Bb7 13. c3 Rc8 14. Ba2 Nxd5 15. Bxd5 Bxd5 16. Qxd5 Nf6 17. Qd3 Qd7 18. Nc2 Qc6 19. Nb4 Qc4 20. Qxc4 Rxc4 21. f3 a5 22. Nc2 Re8 23. Ne3 Rc6 24. Rd1 Bf8 25. Nd5 Nd7 26. Be3 f6 27. b3 Kf7 28. c4 Ke6 29. g4 g6 30. Kf2 Be7 31. Rg1 Rh8 32. Ke2 Bd8 33. h4 Kf7 34. h5 g5 35. Rgd1 Ke6 36. Nc3 Be7 37. Nb5 Ra8 38. Rd5 Nc5 39. Bxc5 bxc5 40. Rd2 Rb8 41. Kd3 Rb7 42. Kc3 Rcb6 43. Rb2 Rc6 44. Kc2 Rcb6 45. Nc3 Rc6 46. Nd5 Ra6 47. Rd1 Rc6 48. Ne3 Ra6 49. Kb1 Bf8 50. Ka2 Rc6 51. Rd3 Rcb6 52. Rbd2 Rc6 53. Nd5 Ra6 54. Nc3 Rc6 55. Nb5 Rcb6 56. Rd5 Rc6 57. R5d3 Rcb6 58. Ka3 Rc6 59. Nc3 Rcb6 60. Ne2 Rc6 61. Ng3 Rcb6 62. Nf5 Rc6 63. Rc3 Rcb6 64. Rcd3 Rc6 65. Rc3 Rcb6 66. Rcd3 1/2-1/2


[Site "https://www.chess.com"]

[Event "Titled Tuesday Blitz April 19 Early 2022"]
[White "Kezin, Roman"]
[Black "Ingebretsen, Jens E"]
[WhiteFideId "24124621"]
[BlackFideId "1522965"]
[WhiteElo "2570"]
[BlackElo "2072"]
[Result "1-0"]
[Round "05"]
[TimeControl "180+1"]
[Date "2022.04.19"]
[WhiteClock "0:00:02"]
[BlackClock "0:00:19"]

1. e4 e5 2. Nf3 Nc6 3. Nc3 Nf6 4. Be2 Bc5 5. Nxe5 Nxe5 6. d4 Bxd4 7. Qxd4 d6 8. Be3 O-O 9. O-O-O a6 10. f3 b5 11. h4 Bb7 12. g4 Nc6 13. Qd2 b4 14. Na4 Qe8 15. h5 Ne5 16. b3 Bc6 17. g5 Nfd7 18. Qxb4 Rb8 19. Qa3 f5 20. f4 Ng4 21. Bc4+ Kh8 22. Bd4 h6 23. Rhg1 Kh7 24. exf5 Qxh5 25. gxh6 gxh6 26. Nc3 Ndf6 27. Qxa6 Bb7 28. Qa5 Rf7 29. Bxf7 Qxf7 30. Qa7 Qf8 31. Rde1 c5 32. Bxf6 Nxf6 33. Qb6 Bd5 34. Qc7+ Kh8 35. Rg6 Ng8 36. Nxd5 Rc8 37. Qxd6 Qxf5 38. Qe5+ Qxe5 39. fxe5 Kh7 40. Rxg8 Kxg8 41. Ne7+ Kf7 42. Nxc8 Ke6 43. a4 h5 44. a5 c4 45. bxc4 h4 46. a6 h3 47. Rh1 h2 48. Rxh2 Kd7 49. Nb6+ Kc7 50. c5 Kc6 51. a7 Kb5 52. a8=Q Kb4 53. c6 Kb5 54. c7 Kb4 55. c8=Q Kb5 56. Qc4+ Kxb6 57. Qaa6# 1-0


[Site "https://www.chess.com"]

[Event "Titled Tuesday Blitz April 19 Early 2022"]
[White "Khabinets, Ivan"]
[Black "Demin, Vladimir"]
[WhiteFideId "14115980"]
[BlackFideId "4167457"]
[WhiteElo "2114"]
[BlackElo "2389"]
[Result "1-0"]
[Round "05"]
[TimeControl "180+1"]
[Date "2022.04.19"]
[WhiteClock "0:00:19"]
[BlackClock "0:00:01"]

1. c4 Nf6 2. Nc3 e6 3. e4 d5 4. cxd5 exd5 5. e5 Ne4 6. Nf3 Nc6 7. d3 Nxc3 8. bxc3 d4 9. c4 Bg4 10. Be2 Bxf3 11. Bxf3 Nxe5 12. Bxb7 Rb8 13. Be4 Bb4+ 14. Bd2 O-O 15. O-O f5 16. Bd5+ Kh8 17. Bf4 Bd6 18. Bxe5 Bxe5 19. Rb1 c6 20. Bxc6 Qd6 21. Qf3 Bxh2+ 22. Kh1 Be5 23. g3 f4 24. g4 Qa3 25. Kg2 Qxa2 26. Rxb8 Bxb8 27. Rh1 Qa5 28. Bd5 h6 29. g5 Qb6 30. gxh6 gxh6 31. Qh5 f3+ 32. Bxf3 Bf4 33. Bd5 Kg7 34. Rh4 Bg5 35. Rg4 Rf5 36. f4 Qb2+ 37. Kh3 Qc1 38. fxg5 Qf1+ 39. Bg2 Rf3+ 40. Kh2 1-0


[Site "https://www.chess.com"]

[Event "Titled Tuesday Blitz April 19 Early 2022"]
[White "Khamdamova, Afruza"]
[Black "Pert, Richard G"]
[WhiteFideId "14210444"]
[BlackFideId "404748"]
[WhiteElo "1660"]
[BlackElo "2441"]
[Result "0-1"]
[Round "05"]
[TimeControl "180+1"]
[Date "2022.04.19"]
[WhiteClock "0:01:38"]
[BlackClock "0:01:12"]

1. e4 d5 2. exd5 Nf6 3. Nf3 Bg4 4. d4 Qxd5 5. Be2 Nc6 6. c4 Qf5 7. d5 Ne5 8. Nd4 Qd7 9. Bxg4 Qxg4 10. Qxg4 Nfxg4 11. Bf4 Nd3+ 12. Kd2 Nxf4 13. g3 Nxf2 14. Rf1 N4h3 15. Nc3 O-O-O 16. Ncb5 a6 17. Nc3 e6 18. Ke2 exd5 19. cxd5 Bc5 20. Nb3 Rhe8+ 21. Kf3 Re3+ 22. Kg2 Bb6 23. Rac1 g5 24. Nd1 Nxd1 25. Kxh3 Nxb2 26. Rxf7 h5 27. Rf6 Kb8 28. Rf5 Nd3 29. Rcf1 Nf4+ 0-1


[Site "https://www.chess.com"]

[Event "Titled Tuesday Blitz April 19 Early 2022"]
[White "Kobo, Ori"]
[Black "Seemann, Jakub"]
[WhiteFideId "2812320"]
[BlackFideId "21874697"]
[WhiteElo "2420"]
[BlackElo "2003"]
[Result "1-0"]
[Round "05"]
[TimeControl "180+1"]
[Date "2022.04.19"]
[WhiteClock "0:00:04"]
[BlackClock "0:00:03"]

1. c4 Nf6 2. Nc3 e5 3. Nf3 Nc6 4. e4 Bb4 5. d3 O-O 6. a3 Bxc3+ 7. bxc3 d6 8. g3 Ne7 9. Bg2 c5 10. Nh4 Nc6 11. O-O Be6 12. f4 exf4 13. Bxf4 Ng4 14. Qd2 Nge5 15. Rab1 Qd7 16. Kh1 f6 17. Be3 g6 18. Bg1 Bh3 19. Qe2 Bxg2+ 20. Nxg2 f5 21. d4 Ng4 22. exf5 gxf5 23. Nf4 Rae8 24. Qf3 Nf6 25. dxc5 Ne4 26. Rbd1 Ne5 27. Qh5 Qc6 28. Nd5 Nxc3 29. Qg5+ Kh8 30. Bd4 Nxd5 31. Bxe5+ Rxe5 32. cxd5 Rxd5 33. Rxd5 Qxd5+ 34. Kg1 Qxc5+ 35. Kg2 Qd5+ 36. Kg1 Qe4 37. Rf4 Qe1+ 38. Kg2 Qe2+ 39. Kh3 Qe6 40. Kg2 Rg8 41. Qh5 Qg6 42. Qf3 Rf8 43. Qxb7 Rf7 44. Qa8+ Kg7 45. Qd5 Qf6 46. h4 Qb2+ 47. Kh3 Qxa3 48. Qd4+ Kg8 49. Qd5 Qc5 50. Qe6 Qe5 51. Qc8+ Kg7 52. h5 Qe1 53. h6+ Kxh6 54. Rh4+ Kg7 55. Qc6 Qe2 56. Qc3+ Qe5 57. Qf3 d5 58. Qh5 Kg8 59. Qg5+ Rg7 60. Qd8+ Kf7 61. Qd7+ Kf6 62. Qd8+ Qe7 63. Qxd5 Qe6 64. Qd4+ Kf7 65. Qf4 Qe2 66. Qc7+ Kg8 67. Qc8+ Kf7 68. Qxf5+ Kg8 69. Qc8+ Kf7 70. Rf4+ Kg6 71. Qf5+ 1-0


[Site "https://www.chess.com"]

[Event "Titled Tuesday Blitz April 19 Early 2022"]
[White "Kornyukov, Alexey"]
[Black "Nareks, Matic"]
[WhiteFideId "4150457"]
[BlackFideId "14629526"]
[WhiteElo "2303"]
[BlackElo "2147"]
[Result "0-1"]
[Round "05"]
[TimeControl "180+1"]
[Date "2022.04.19"]
[WhiteClock "0:00:01"]
[BlackClock "0:00:49"]

1. d4 d5 2. c4 dxc4 3. e4 b5 4. a4 c6 5. axb5 cxb5 6. b3 e5 7. Nf3 exd4 8. bxc4 Bb7 9. cxb5 Nf6 10. e5 Ne4 11. Qb3 Bc5 12. Bc4 O-O 13. O-O Nd7 14. Bd5 Qc7 15. Bf4 Nb6 16. Bxb7 Qxb7 17. Nbd2 Nc3 18. Rfe1 Nbd5 19. Bg3 Qxb5 20. Qxb5 Nxb5 21. Nb3 Bb6 22. Rad1 Ndc3 23. Rd3 Rfd8 24. e6 fxe6 25. Rxe6 Re8 26. Rxe8+ Rxe8 27. Kf1 a5 28. Nbxd4 Rd8 29. Be5 a4 30. Ng5 Bxd4 0-1


[Site "https://www.chess.com"]

[Event "Titled Tuesday Blitz April 19 Early 2022"]
[White "Kosteniuk, Alexandra"]
[Black "Pires, Marcos Vinicius Torsani"]
[WhiteFideId "4128125"]
[BlackFideId "2118939"]
[WhiteElo "2469"]
[BlackElo "2273"]
[Result "1-0"]
[Round "05"]
[TimeControl "180+1"]
[Date "2022.04.19"]
[WhiteClock "0:00:50"]
[BlackClock "0:00:18"]

1. d4 Nf6 2. Nf3 g6 3. c4 Bg7 4. Nc3 O-O 5. e4 d6 6. Be2 c5 7. O-O cxd4 8. Nxd4 Nc6 9. Nc2 Nd7 10. Nd5 Nc5 11. f3 a5 12. Rb1 f5 13. exf5 Bxf5 14. Nde3 Be6 15. b3 Qb6 16. Kh1 Rad8 17. Qd2 Nb4 18. Bb2 Bxb2 19. Rxb2 d5 20. Nxb4 axb4 21. cxd5 Bf7 22. Bc4 Rd6 23. Qe2 Rfd8 24. Ng4 h5 25. Nh6+ Kg7 26. Nxf7 Kxf7 27. Re1 Qc7 28. Rc2 Qd7 29. h3 Re8 30. f4 Qf5 31. Rd2 Qf6 32. Qe5 Red8 33. Rde2 R8d7 34. Qxf6+ exf6 35. Re6 f5 36. g4 hxg4 37. hxg4 Ne4 38. Kg2 Rc7 39. R1xe4 fxe4 40. Rxd6 1-0


[Site "https://www.chess.com"]

[Event "Titled Tuesday Blitz April 19 Early 2022"]
[White "Kostiukov, Alexandr"]
[Black "Shuvalov, Evgenij"]
[WhiteFideId "14108100"]
[BlackFideId "4187237"]
[WhiteElo "2202"]
[BlackElo "2130"]
[Result "1-0"]
[Round "05"]
[TimeControl "180+1"]
[Date "2022.04.19"]
[WhiteClock "0:01:30"]
[BlackClock "0:01:20"]

1. g3 d5 2. Bg2 Nf6 3. d3 e6 4. e4 dxe4 5. dxe4 Qxd1+ 6. Kxd1 Bc5 7. f3 e5 8. Nd2 Be6 9. Bh3 Ke7 10. Bxe6 Kxe6 11. Nh3 h6 12. a4 Rd8 13. Ke2 Nc6 14. c3 a5 15. Nc4 Nd7 16. Rd1 Nb6 17. Nxb6 Bxb6 18. Be3 Bxe3 19. Kxe3 Rxd1 20. Rxd1 Rd8 21. Rxd8 Nxd8 22. Nf2 b6 23. Nd3 Nb7 24. f4 exf4+ 25. gxf4 g5 26. f5+ Kd6 27. e5+ Kd5 28. b3 Kc6 29. b4 Kd7 30. Kd4 h5 31. b5 Ke7 32. Kd5 g4 33. Kc6 Nc5 34. Nxc5 bxc5 35. Kxc7 h4 36. b6 g3 37. hxg3 hxg3 38. b7 g2 39. b8=Q g1=Q 40. Qd8# 1-0


[Site "https://www.chess.com"]

[Event "Titled Tuesday Blitz April 19 Early 2022"]
[White "Kozak, Antoni"]
[Black "Zakhartsov, Vladimir"]
[WhiteFideId "21832030"]
[BlackFideId "4145097"]
[WhiteElo "2236"]
[BlackElo "2491"]
[Result "0-1"]
[Round "05"]
[TimeControl "180+1"]
[Date "2022.04.19"]
[WhiteClock "0:00:01"]
[BlackClock "0:00:22"]

1. Nf3 d5 2. e3 c5 3. Bb5+ Bd7 4. Qe2 e6 5. b3 Nf6 6. Bb2 Bd6 7. Bxd7+ Nbxd7 8. d3 O-O 9. e4 e5 10. O-O d4 11. Nbd2 b5 12. a4 a6 13. Nh4 g6 14. g3 Qc7 15. Ng2 Nh5 16. Qg4 Rac8 17. Kh1 Nb6 18. a5 Nd7 19. f4 exf4 20. gxf4 f5 21. exf5 Rxf5 22. Ne4 Bxf4 23. Nh4 Ne5 24. Qh3 Rf7 25. b4 cxb4 26. Bxd4 Qd7 27. Qxd7 Nxd7 28. Rf2 Bb8 29. Rxf7 Kxf7 30. Rf1+ Kg8 31. Nf3 Rxc2 32. Nfg5 Bf4 33. Ne6 Rc1 34. Rxc1 Bxc1 35. N6c5 Nxc5 36. Nxc5 Nf4 37. Nxa6 Ne6 0-1


[Site "https://www.chess.com"]

[Event "Titled Tuesday Blitz April 19 Early 2022"]
[White "Krishna, C R G"]
[Black "Salem, A.R. Saleh"]
[WhiteFideId "5018625"]
[BlackFideId "9301348"]
[WhiteElo "2332"]
[BlackElo "2657"]
[Result "1/2-1/2"]
[Round "05"]
[TimeControl "180+1"]
[Date "2022.04.19"]
[WhiteClock "0:00:22"]
[BlackClock "0:00:03"]

1. d4 Nf6 2. Nf3 g6 3. Nc3 d5 4. Bf4 Bg7 5. e3 O-O 6. Be2 c5 7. dxc5 Qa5 8. Nd2 Qxc5 9. Nb3 Qc6 10. O-O e6 11. a4 a6 12. a5 Nbd7 13. Bg3 Nc5 14. Nd4 Qd7 15. Be5 Nfe4 16. Nxe4 Nxe4 17. Bxg7 Kxg7 18. Nb3 Qc7 19. c4 dxc4 20. Qd4+ Nf6 21. Qxc4 Qxc4 22. Bxc4 Bd7 23. Rfd1 Rac8 24. Be2 Rc2 25. Bf3 Rxb2 26. Nc5 Bc6 27. Bxc6 bxc6 28. Nxa6 Ne4 29. f3 Nc3 30. Rd3 Nd5 31. Nc5 Rb5 32. Ne4 Ra8 33. a6 Ra7 34. Rda3 f5 35. Nd6 Rb8 36. Nc4 Nb4 37. Ne5 Rb6 38. Rb3 c5 39. Rc1 Rb5 40. Ra1 Rb6 41. Rc1 Rb5 42. Ra1 Rb6 1/2-1/2


[Site "https://www.chess.com"]

[Event "Titled Tuesday Blitz April 19 Early 2022"]
[White "Krsnik Cohar, Ivan Vihor"]
[Black "Meshkovs, Nikita"]
[WhiteFideId "14520044"]
[BlackFideId "11602740"]
[WhiteElo "2414"]
[BlackElo "2506"]
[Result "1-0"]
[Round "05"]
[TimeControl "180+1"]
[Date "2022.04.19"]
[WhiteClock "0:00:41"]
[BlackClock "0:00:02"]

1. d4 Nf6 2. Bg5 d5 3. Nd2 Nbd7 4. Ngf3 c5 5. e3 Qb6 6. Rb1 Ne4 7. Bh4 cxd4 8. exd4 g5 9. Nxe4 dxe4 10. Nxg5 Nf6 11. c3 h6 12. Nh3 Bxh3 13. gxh3 O-O-O 14. Bc4 Nd5 15. Qg4+ Kb8 16. Qxe4 Nf6 17. Qf3 h5 18. Bxf7 Bh6 19. O-O Rdf8 20. Bb3 Ng4 21. Qe4 Nf6 22. Qxe7 Bf4 23. Qe6 Bd6 24. Kh1 Ne8 25. Rbe1 1-0


[Site "https://www.chess.com"]

[Event "Titled Tuesday Blitz April 19 Early 2022"]
[White "Krylov, Ivan"]
[Black "Simonovic, Miroslav"]
[WhiteFideId "24128066"]
[BlackFideId "919152"]
[WhiteElo "2258"]
[BlackElo "2043"]
[Result "0-1"]
[Round "05"]
[TimeControl "180+1"]
[Date "2022.04.19"]
[WhiteClock "0:00:01"]
[BlackClock "0:00:21"]

1. e4 c5 2. c3 d5 3. exd5 Qxd5 4. d4 Nc6 5. Be3 Bf5 6. Nf3 cxd4 7. Nxd4 Bxb1 8. Rxb1 e6 9. Nxc6 Qxc6 10. a4 a6 11. f3 Nf6 12. a5 Bc5 13. Qc1 Nd5 14. Bxc5 Qxc5 15. Ra1 Rc8 16. Bd3 O-O 17. Ra4 Rfd8 18. Be4 f5 19. Bc2 Nxc3 20. bxc3 Qxc3+ 21. Ke2 Qxc2+ 22. Qxc2 Rxc2+ 23. Ke3 Rdd2 24. Rb4 e5 25. Rg1 Rb2 26. Rc4 Rd5 27. Ra1 Rdb5 28. Rc7 R5b3+ 0-1


[Site "https://www.chess.com"]

[Event "Titled Tuesday Blitz April 19 Early 2022"]
[White "Lach, Aleksandra"]
[Black "Piesik, Piotr"]
[WhiteFideId "1134299"]
[BlackFideId "1136194"]
[WhiteElo "2172"]
[BlackElo "2190"]
[Result "0-1"]
[Round "05"]
[TimeControl "180+1"]
[Date "2022.04.19"]
[WhiteClock "0:00:06"]
[BlackClock "0:00:19"]

1. e4 g6 2. d4 Bg7 3. Nc3 c6 4. Be3 d5 5. e5 Nh6 6. Qd2 Nf5 7. Bf4 c5 8. dxc5 d4 9. O-O-O Nc6 10. Nb5 a6 11. Na3 Nxe5 12. h3 h5 13. Ne2 Qd5 14. Kb1 Be6 15. Nc1 Qxc5 16. Bd3 Nxd3 17. Qxd3 Rd8 18. g4 hxg4 19. hxg4 Rxh1 20. Rxh1 Nd6 21. Bxd6 Rxd6 22. f3 b5 23. Nb3 Qe5 24. Nd2 Bd5 25. Rf1 Qe3 26. Ne4 Bxe4 27. Qxe4 Qxe4 28. fxe4 Re6 29. Re1 Bh6 30. c4 dxc3 31. bxc3 Bd2 32. Re2 Bxc3 33. Kc2 Bb4 34. Nb1 f5 35. gxf5 gxf5 36. Kb3 Ba5 37. e5 Bc7 38. Nc3 Rxe5 39. Rg2 Re3 40. Kc2 e6 41. Rg8+ Kd7 42. Rg7+ Kc6 43. Rg6 f4 44. Kd2 Ba5 0-1


[Site "https://www.chess.com"]

[Event "Titled Tuesday Blitz April 19 Early 2022"]
[White "Lauridsen, Jesper Morch"]
[Black "Czerw, Dawid"]
[WhiteFideId "1401890"]
[BlackFideId "1145746"]
[WhiteElo "2243"]
[BlackElo "2125"]
[Result "1-0"]
[Round "05"]
[TimeControl "180+1"]
[Date "2022.04.19"]
[WhiteClock "0:00:25"]
[BlackClock "0:00:43"]

1. e4 c5 2. d4 cxd4 3. c3 d3 4. Bxd3 Nc6 5. Nf3 g6 6. c4 Bg7 7. O-O d6 8. h3 Nf6 9. Nc3 O-O 10. Be3 a6 11. Qd2 Be6 12. Rac1 Nd7 13. Bh6 Nc5 14. Bxg7 Kxg7 15. Be2 f6 16. Rfd1 Qa5 17. a3 Nb3 18. Qc2 Nxc1 19. Qxc1 Rac8 20. b4 Qd8 21. Nd5 Ne5 22. Nd4 Bf7 23. f4 Nxc4 24. Bxc4 b5 25. f5 Rxc4 26. Qe3 a5 27. Nf4 axb4 28. Nfe6+ Kg8 29. Nxd8 Rxd8 30. axb4 Rdc8 31. Nxb5 Rxb4 32. Nd4 Rb2 33. Ne6 Rcc2 34. Qg3 Be8 35. Ra1 Bc6 36. fxg6 h5 37. Nd4 h4 38. Qg4 Bd7 39. Ra8+ Kg7 40. Qxh4 Rxg2+ 41. Kf1 1-0


[Site "https://www.chess.com"]

[Event "Titled Tuesday Blitz April 19 Early 2022"]
[White "Le Ruyet, Leopold"]
[Black "Palachev, Petr"]
[WhiteFideId "645923"]
[BlackFideId "24129003"]
[WhiteElo "2276"]
[BlackElo "2339"]
[Result "0-1"]
[Round "05"]
[TimeControl "180+1"]
[Date "2022.04.19"]
[WhiteClock "0:00:01"]
[BlackClock "0:00:12"]

1. e4 c6 2. d4 d5 3. e5 Bf5 4. h4 Qc7 5. c4 dxc4 6. Bxc4 Be4 7. Nf3 Bd5 8. Bd3 e6 9. Nc3 Ne7 10. h5 Nd7 11. h6 g6 12. Bg5 O-O-O 13. Rc1 Nb6 14. Nb5 Qb8 15. Bf6 Rg8 16. Ng5 a6 17. Nd6+ Rxd6 18. exd6 Qxd6 19. Be5 Qb4+ 20. Qd2 Nf5 21. Bxf5 gxf5 22. Nxh7 Bxg2 23. Nxf8 Qxf8 24. Rg1 f6 25. h7 Rg4 26. Bd6 Qg7 27. Bg3 Bf3 28. Qe3 Re4 29. Qxe4 fxe4 30. d5 Nxd5 31. Kd2 Qxh7 32. b4 e3+ 33. fxe3 Nxb4 34. Rc4 Qd3+ 0-1


[Site "https://www.chess.com"]